Cogmind - Beta 14 @@@ ROGUE MODE // 2024.09.18 @ 18:44:18 Player: Dull Result: Destroyed by D-53 Grenadier with Mini Grenade Launcher Performance ------------- Evolutions (0) 0 Regions Visited (3) 600 Robots Destroyed (43) 215 Value Destroyed (1160) 1160 Prototype IDs (0) 0 Alien Tech Used (0) 0 Bonus (0) 0 TOTAL SCORE: 1975 Bonus ------- None Cogmind --------- Core Integrity 0/250 Matter 250/300 Energy 250/250 System Corruption 1% Temperature Warm (126) Movement Treading (240) Ox1 Location -9/Recycling Parts ------- > --- POWER (1) -------- Ion Engine > --- PROPULSION (2) --- Light Treads Light Treads > --- UTILITY (2) ------ High-capacity Storage Unit > --- WEAPON (2) ------- Improved Light Cannon Slug Cannon > --- INVENTORY (20) --- Subdweller Power Source Subdweller Power Source Subdweller Power Source Light Treads Light Treads Improved Heat Sink Disposable Heat Sink Large Storage Unit Scrap Shield Subdweller Laser Subdweller Laser Subdweller Laser Autobeam Battle Rifle Subdweller Machine Gun Subdweller Machine Gun Light Cannon Improved Light Cannon Scrap Shield Fragment (46) Peak State ------------ > --- POWER ------------ Ion Engine > --- PROPULSION ------- Spiked Treads Spiked Treads > --- UTILITY ---------- Scrap Shield > --- WEAPON ----------- Improved Light Cannon Slug Cannon > --- INVENTORY -------- Ion Engine Subdweller Power Source Light Treads Light Treads Light Cannon [Rating: 15] Favorites ----------- Power Ion Engine Engine Ion Engine Propulsion Light Treads Treads Light Treads Leg Aluminum Leg Utility High-capacity Storage Unit Device Disposable Heat Sink Storage High-capacity Storage Unit Protection Light Armor Plating Weapon Improved Light Cannon Energy Gun Medium Laser Ballistic Gun Assault Rifle Ballistic Cannon Improved Light Cannon Build | -11 -10 -10 -9 ------- Run | Yrd Mat Sub Rec Slots Evolved . | . . . . Power . | . . . . Propulsion . | . . . . Utility . | . . . . Weapon . | . . . . Parts Attached 38 | 5 13 20 . Power 4 | . 1 3 . Engine 4 | . 1 3 . Core . | . . . . Reactor . | . . . . Propulsion 11 | 3 3 5 . Treads 11 | 3 3 5 . Leg . | . . . . Wheel . | . . . . Hover . | . . . . Flight . | . . . . Utility 11 | 1 3 7 . Device 3 | 1 . 2 . Storage 4 | . 2 2 . Processor . | . . . . Hackware . | . . . . Protection 4 | . 1 3 . Artifact . | . . . . Weapon 12 | 1 6 5 . Energy Gun . | . . . . Energy Cannon . | . . . . Ballistic Gun 1 | 1 . . . Ballistic Cannon 11 | . 6 5 . Launcher . | . . . . Special Weapon . | . . . . Impact Weapon . | . . . . Slashing Weapon . | . . . . Piercing Weapon . | . . . . Special Melee Weapon . | . . . . Unidentified Prototypes . | . . . . Parts Lost 8 | . . 8 . Power 3 | . . 3 . Propulsion 2 | . . 2 . Utility 2 | . . 2 . Weapon 1 | . . 1 . Highest Loss Streak 2 | . . 2 . To Critical Strikes . | . . . . Average Slot Usage (%) 91 | . 98 89 85 Engine 13 | . 13 13 14 Treads 27 | . 27 27 28 Device 5 | . 7 5 . Storage 8 | . 14 5 14 Protection 6 | . 6 7 . Ballistic Cannon 27 | . 27 27 28 Peak Build Rating 15 | 9 12 15 13 Average Rating 12 | 7 11 12 13 On Entrance 9 | 6 9 11 13 Naked Turns . | . . . . Heaviest Build 56 | 15 56 56 56 Greatest Support 40 | 40 40 40 40 Greatest Overweight (x) 1 | . 1 1 1 Average Overweight (x) . | . . . 1 Largest Inventory Capacity 20 | 8 20 20 20 Average Capacity 13 | 8 18 9 20 Most Carried 20 | 6 18 20 20 Average Carried 11 | 3 14 8 20 Final Capacity 20 | 8 20 20 20 Final Carried 20 | 4 18 20 20 Class Distribution -------------------- 100% | Mutant Dominant Class ---------------- Mutant | -10/Materials Mutant | -10/Subcaves Mutant | -9/Recycling Resources | -11 -10 -10 -9 ----------- Run | Yrd Mat Sub Rec Matter Collected 1898 | 268 461 1108 61 Remotely . | . . . . Salvage Created 847 | 117 335 369 26 Parts 72 | 4 28 39 1 Haulers Intercepted 2 | . 2 . . Recyclers Shooed 1 | 1 . . . Parts Field Recycled . | . . . . Retrieved Matter . | . . . . Parts Self-Destructed 20 | . . 20 . Prevented . | . . . . Kills | -11 -10 -10 -9 ------- Run | Yrd Mat Sub Rec Combat Hostiles Destroyed 33 | . 13 18 2 Cannons 33 | . 13 18 2 Classes Destroyed 11 | 2 5 2 2 Tunneler 1 | 1 . . . Hauler 2 | . 2 . . Recycler 2 | 1 1 . . Operator 1 | . 1 . . Turret 2 | . . 2 . Watcher 2 | . 2 . . Swarmer 10 | . 6 4 . Grunt 7 | . 7 . . Protector 1 | . . . 1 Programmer 1 | . . . 1 Subdweller 14 | . . 14 . Best Kill Streak 5 | 2 5 4 1 Combat Bots Only 4 | . 3 4 1 Max Kills in Single Turn 2 | 1 1 2 1 Gunslinging . | . . . . Exploded . | . . . . Melee . | . . . . Uniques/NPCs Destroyed . | . . . . Combat | -11 -10 -10 -9 -------- Run | Yrd Mat Sub Rec Hostile Shots Fired 209 | . 52 145 12 Missed 64 | . 17 44 3 Damage Taken 2118 | . 346 1603 169 Core 251 | . 24 171 56 Absorbed by Shields . | . . . . Regen/Repaired (Parts) 259 | . 259 . . Core Remaining (%) 100 | 100 . . . Volleys Fired 170 | 3 47 113 7 Largest 2 | 2 2 2 2 Hottest 87 | 40 78 87 87 Shots Fired 301 | 6 94 187 14 Gun 8 | 6 2 . . Cannon 293 | . 92 187 14 Launcher . | . . . . Special . | . . . . Kinetic 301 | 6 94 187 14 Thermal . | . . . . Explosive . | . . . . Electromagnetic . | . . . . Robot Hit Streak 11 | 4 6 11 6 Robot Miss Streak 4 | . 4 3 2 Penetration Max . | . . . . Secondary Targets . | . . . . Shots Hit Robots 168 | 4 55 102 7 Core Hits 62 | 3 21 35 3 Critical Kills 1 | . . 1 . Critical Parts Destroyed . | . . . . Critical Strikes 13 | . 3 10 . Destroy 4 | . . 4 . Blast 9 | . 3 6 . Melee Attacks . | . . . . Impact . | . . . . Slashing . | . . . . Piercing . | . . . . Sneak Attacks . | . . . . Combat Hostiles . | . . . . Follow-up Attacks . | . . . . Damage Inflicted 3869 | 47 1198 2409 215 Guns 74 | 47 27 . . Cannons 3787 | . 1163 2409 215 Explosions . | . . . . Melee . | . . . . Ramming 8 | . 8 . . Kinetic 3861 | 47 1190 2409 215 Thermal . | . . . . Explosive . | . . . . Electromagnetic . | . . . . Impact . | . . . . Slashing . | . . . . Piercing . | . . . . Highest Corruption 1 | . . . 1 Average Corruption 1 | . . . 1 Corruption Purged . | . . . . Corruption Blocked . | . . . . Overload Shots . | . . . . Overflow Damage 49 | . 20 28 1 Projectiles 49 | . 20 28 1 Explosions . | . . . . Melee . | . . . . Knockbacks 35 | . 14 20 1 Impact . | . . . . Kinetic 34 | . 13 20 1 Secondary 1 | . 1 . . Self-Inflicted Damage . | . . . . Shots . | . . . . Rammed 1 | . 1 . . Targets Rammed 1 | . 1 . . Kicked . | . . . . Crushed . | . . . . Highest Temperature 126 | . 126 13 126 Average Temperature 40 | . 40 5 53 Received Heat Transfer 501 | . 105 396 . Siege Activations . | . . . . Robots Corrupted . | . . . . Combat Hostiles . | . . . . Parts Fried . | . . . . Impact Corruptions . | . . . . Robots Melted . | . . . . Combat Hostiles . | . . . . Parts Melted . | . . . . Heat Transferred . | . . . . Parts Sabotaged . | . . . . Parts Stolen . | . . . . Parts Stripped . | . . . . Power Chain Reactions . | . . . . Alert | -11 -10 -10 -9 ------- Run | Yrd Mat Sub Rec Peak Influence 197 | 10 197 . 58 Initial 6 | . 6 . . Average 38 | 7 52 . 5 Maximum Alert Level . | . . . . Low Security (%) 100 | 100 100 . 100 Level 1 . | . . . . Level 2 . | . . . . Level 3 . | . . . . Level 4 . | . . . . Level 5 . | . . . . High Security . | . . . . Max Security . | . . . . Squads Dispatched 2 | . 2 . . Investigation 1 | . 1 . . Extermination . | . . . . Reinforcement 1 | . 1 . . Assault . | . . . . Garrison . | . . . . Intercept . | . . . . Searches Triggered . | . . . . Construction Impeded . | . . . . Haulers Reinforced . | . . . . Active Scanning Responses . | . . . . Cargo Convoy Interrupts . | . . . . Stealth | -11 -10 -10 -9 --------- Run | Yrd Mat Sub Rec Distress Signals 1 | . 1 . . Communications Jammed . | . . . . Distress Signals . | . . . . Times Spotted 48 | . 19 22 7 Peak Tracking Total 6 | . 4 6 4 Tactical Retreats 2 | . . 1 1 Traps | -11 -10 -10 -9 ------- Run | Yrd Mat Sub Rec Traps Triggered 2 | . 2 . . Indirectly . | . . . . Trap Hack Attempts . | . . . . Triggered . | . . . . Disarmed . | . . . . Reprogrammed . | . . . . Reused . | . . . . Traps Extracted . | . . . . Installed . | . . . . Triggered . | . . . . Machines | -11 -10 -10 -9 ---------- Run | Yrd Mat Sub Rec Machines Disabled 5 | . 2 2 1 Max in Single Turn 1 | . 1 1 1 Machines Repaired . | . . . . Machines Dismantled . | . . . . Machines Sabotaged . | . . . . Overloaded Fab Kills . | . . . . Hacking | -11 -10 -10 -9 --------- Run | Yrd Mat Sub Rec Machines Accessed 13 | . 7 1 5 Terminals 9 | . 5 . 4 Fabricators . | . . . . Repair Stations 1 | . 1 . . Recycling Units 2 | . 1 . 1 Scanalyzers . | . . . . Garrison Access . | . . . . Total Hacks 52 | . 34 4 14 Successful 34 | . 20 4 10 Failed 18 | . 14 . 4 Catastrophic 2 | . 2 . . Database Lockouts . | . . . . Manual 29 | . 21 . 8 Terminals 31 | . 20 . 11 Fabricators . | . . . . Repair Stations 10 | . 10 . . Recycling Units 7 | . 4 . 3 Scanalyzers . | . . . . Garrison Access . | . . . . Terminal Hacks 14 | . 6 4 4 Record 4 | . . 4 . Part Schematic 2 | . 1 . 1 Robot Analysis 5 | . 4 . 1 Alert Level 1 | . . . 1 Locate Traps 1 | . 1 . . Zone Layout 1 | . . . 1 Fabricator Hacks . | . . . . Repair Station Hacks 8 | . 8 . . Scan Component 4 | . 4 . . Repair 4 | . 4 . . Recycling Unit Hacks . | . . . . Scanalyzer . | . . . . Garrison Access Hacks . | . . . . Unauthorized Hacks 12 | . 6 . 6 Terminals 9 | . 5 . 4 Botnet 9 | . 5 . 4 Fabricators . | . . . . Repair Stations . | . . . . Recycling Units 3 | . 1 . 2 Reject 1 | . . . 1 Mask 2 | . 1 . 1 Scanalyzers . | . . . . Garrison Access . | . . . . Data Cores Recovered . | . . . . Used . | . . . . Hacking Detections 11 | . 7 . 4 Full Trace Events 2 | . 1 . 1 Feedback Events . | . . . . Feedback Blocked . | . . . . Robot Schematics Acquired . | . . . . Robots Built . | . . . . Authchips . | . . . . Time . | . . . . Total Robot Build Rating . | . . . . Part Schematics Acquired 2 | . 1 . 1 Parts Built . | . . . . Authchips . | . . . . Time . | . . . . Total Part Build Rating . | . . . . Parts Repaired 4 | . 4 . . Time 116 | . 116 . . Parts Recycled . | . . . . Recycled Matter . | . . . . Retrieved Matter . | . . . . Retrieved Components . | . . . . Parts Scanalyzed . | . . . . Part Schematics Acquired . | . . . . Parts Damaged . | . . . . Bothacking | -11 -10 -10 -9 ------------ Run | Yrd Mat Sub Rec Used RIF Installer . | . . . . Robots Hacked . | . . . . Non-combat . | . . . . Combat . | . . . . Robot Hacks Applied . | . . . . Relay Couplers Released . | . . . . Fabnet Peak Effective % . | . . . . Robots Rewired . | . . . . Allies Hacked . | . . . . Hacks Repelled . | . . . . Allies | -11 -10 -10 -9 -------- Run | Yrd Mat Sub Rec Total Allies . | . . . . Largest Group . | . . . . Highest-Rated Group . | . . . . Highest-Rated Ally . | . . . . Total Orders . | . . . . Ally Attacks . | . . . . Total Damage . | . . . . Kills . | . . . . Allies Corrupted . | . . . . Allies Melted . | . . . . Intel | -11 -10 -10 -9 ------- Run | Yrd Mat Sub Rec Robot Analysis Total 5 | . 4 . 1 Derelict Logs Recovered 2 | . . 2 . Drone Launches . | . . . . Drone Recoveries . | . . . . Exploration | -11 -10 -10 -9 ------------- Run | Yrd Mat Sub Rec Turns Passed 8042 | 56 2251 4818 917 Spaces Moved 3601 | 24 789 2415 373 Core . | . . . . Treads 3601 | 24 789 2415 373 Legs . | . . . . Wheels . | . . . . Hover . | . . . . Flight . | . . . . Fastest Speed 160 | 160 160 160 240 Average Speed 193 | 160 215 179 240 Slowest Speed 250 | 160 240 250 240 Overloaded Moves . | . . . . Propulsion Burnouts . | . . . . Robots Hopped . | . . . . Cave-ins Triggered . | . . . . Exploration Rate (%) 65 | 4 99 78 80 Regions Visited 3 Branch Regions 2 Pre-discovered Areas 2 | . . 2 . Known Exits Taken . | . . . . Unknown Exits Taken 3 | 1 1 1 . Scrap Searched 6 | . . 6 . Spaces Dug . | . . . . Terrain Destroyed 26 | . 5 18 3 Melee . | . . . . Projectile 26 | . 5 18 3 AOE . | . . . . Terrain Rammed . | . . . . Walls Destroyed . | . . . . Machines Disabled . | . . . . Actions | -11 -10 -10 -9 --------- Run | Yrd Mat Sub Rec Total 4364 | 35 1241 2707 381 Wait 491 | . 372 118 1 Move 3598 | 23 788 2414 373 Hop . | . . . . Pick Up 39 | 1 14 24 . Fast Attach 18 | 1 10 7 . Attach 5 | . . 5 . Detach 2 | . 2 . . Swap 15 | 4 3 8 . Drop 21 | 3 4 14 . Fire 170 | 3 47 113 7 Melee . | . . . . Ram . | . . . . Kick . | . . . . Crush 1 | . 1 . . Escape Stasis . | . . . . Rewire . | . . . . Trap . | . . . . Miscellaneous 4 | . . 4 . Route ------- -11/Scrapyard -10/Materials (discovered 6 exits: [*Mat x3] / [*Min x2] / *Sub) -10/Subcaves (discovered 2 exits: [*Mat] / *Rec) -9/Recycling (discovered 1 exit: [*Fac]) History --------- Turn | Location | Event 15 | -11/Scrapyard | Discovered new exit (range 3) 57 | -11/Scrapyard | Entered Materials 311 | -10/Materials | Build established: Mutant 465 | -10/Materials | Discovered new exit (range 15) 813 | -10/Materials | Discovered new exit (range 8) 1134 | -10/Materials | Discovered new exit (range 8) 1371 | -10/Materials | Discovered new exit (range 12) 1587 | -10/Materials | Repaired Lgt. Treads 1614 | -10/Materials | Repaired Lgt. Treads 1648 | -10/Materials | Repaired Imp. Light Cannon 1681 | -10/Materials | Repaired Imp. Light Cannon 2028 | -10/Materials | Discovered new exit (range 10) 2279 | -10/Materials | Discovered new exit (range 7) 2308 | -10/Materials | Entered Subcaves 2440 | -10/Subcaves | Discovered new exit (range 9) 2448 | -10/Subcaves | Ambushed by Subdwellers from Twisted Machinery 2663 | -10/Subcaves | Disturbed a concealed Subdweller 2971 | -10/Subcaves | Shifting Twisted Machinery released Spk. Treads 2971 | -10/Subcaves | Shifting Twisted Machinery released Slug Cannon 3535 | -10/Subcaves | Ambushed by Subdweller buried in earth 3623 | -10/Subcaves | Learned location of Zion (-7) 3682 | -10/Subcaves | Visited Clippyterm 3687 | -10/Subcaves | Learned Factory trap positions 3687 | -10/Subcaves | Learned Factory stockpile data 4289 | -10/Subcaves | Discovered new exit (range 13) 4367 | -10/Subcaves | Core integrity fell below 50% 4706 | -10/Subcaves | Disturbed a concealed Subdweller 5284 | -10/Subcaves | A swath of the cavern ceiling suddenly collapsed 7126 | -10/Subcaves | Entered Recycling 7127 | -9/Recycling | Joined Warlord attack on 0b10 via Recycling 7621 | -9/Recycling | Discovered new exit (range 15) 8023 | -9/Recycling | Core integrity fell below 20% 8043 | -9/Recycling | Destroyed by D-53 Grenadier with Mini Grenade Launcher Last Messages --------------- Awaiting botnet instructions. 07621_ EXIT=FOUND 07725_ R-06 Scavenger inserts Imp. Ion Engine into recycling unit. 07728_ R-06 Scavenger inserts Heat Sink into recycling unit. 07861_ Connecting with Terminal... >>Trojan(Botnet) Trojan loaded successfully. Testing... Terminal linked with 3 systems. Awaiting botnet instructions. 07939_ I-25 Savior springs to life. 07974_ I-25 Savior destroyed. 07974_ Hadron Collector disabled. 07977_ Acquired 20 matter. 07979_ R-06 Scavenger collects Com. Wheel. 08014_ Y-45 Defender springs to life. 08014_ P-60 Hacker springs to life. 08035_ Destroyed Shock Rifle. 08038_ P-60 Hacker knocked back. 08038_ P-60 Hacker destroyed. Map ----- +----------------------------------------------------+ | ?????????????????????????# =! ! ] | | ?????????????????????????# ! = | | ?????????????????????????# % [ | | ?????????????????????????# ! =% | | ?????????????????????????######+##+##+ | | ?????????#####????????+ | | ?????? ! ?????????????########## | | ???? ! ??????????????????????# | | ??# ]??????????????????????# | | ??# = ??????????????????????# | | ??# ! ????????????########### | | ??#[ [ #? ???????? | | ??# r[+ ??? | | ??# Y # ? | | ???=% tY#?# | | ????? #?# """"" """"" | | ??????? ### """"""""" """"""" | | ????????? #"" """ """ """ "" | | ??????????? #"Y | | ????????????#d#"" | | ????????????#%#?# | | ???????????##%### | | ??????????## ;#T """" | | ??????????# ## """" ####+###### | | ??########## ## """" #?# | | ??# @ # ## | | ??# ## ### | | ??# ## """" #?# | | ??# # """" #?# | | ??# ; % """ #?# | | ??# # #?# | | ??# # % #?# | | ??# + #?######### | | ?#r # #?????????? | | ?## ###+#+##########?????????? | | ??# #?# #?????????????? | | ??# #?# """"" #?????????????? | | ??# #?# """"" ###???????????? | | ??# #?# """"" ""#???????????? | | ??# #?# T"#???????????? | | ??# #?# """"" ""#???????????? | | ??###########?# """"" ###???????##### | | ??????????????# """"" #?????????# | | ??????????????# #??????????# | | ??????????????##########??????????# | | ??????????????????????????????????# | | ??????????????????????????????????# | | ??????????????????????????????????# | | ??????????????????????????????????# | | ??????????????????????????????????# | +----------------------------------------------------+ Best States ------------- Heat Dissipation 25 Coolant Potential 100 Energy Generation 15 Energy Capacity 400 Matter Stores 300 Matter Capacity 300 Sight Range 16 Terrain Scan Range 16 Terrain Scan Density 10 Armor Coverage 800 Evasion (%) 40 Recoil Reduction 2 Item Schematics ----------------- Huge Storage Unit | -10/Materials | Hacked Imp. Heat Sink | -9/Recycling | Hacked Robot Schematics ------------------ None Fabricated ------------ Nothing Alien Tech Used ----------------- None Achievements -------------- None Challenges ------------ None Game ------ Seed WeaponsSensorNullifier Manual? 0 Play Time 00:33:13 Cumulative 112.0 hours Start 2024.09.18 @ 18:13:49 End 2024.09.18 @ 18:44:18 Sessions 1 Manual Loads 0 Difficulty Rogue Special Mode None Game No. 157 Rogue 157 Adventurer 0 Explorer 0 Win Type - Total 1 Types 1/0/0/0/0/0/0/0/0 Lore% 26 Gallery% 57 Achievement% 45 Wizard Run 0 Options --------- Layout 0 ASCII 0 Keyboard 0 Movement Mouse Keybinds 1 Fullscreen 1 Font 18/TerminusBold Map View 76x50 Zoom Use 0% Tactical HUD 1 Map Filters NONE Filters NONE Steam 1 RUN: b6068935-ec7a-41aa-98b4-24da3c3c4f38